 Dungeon Crawl Stone Soup version 0.21.1-1-g345015f (webtiles) character file.

25 tidbits the Charmwright (level 3, -14/46 HPs)
             Began as a Gnoll Skald on Feb 6, 2018.
             Killed from afar by Monsterracer's ghost (29 damage)
             ... with a shard of ice
             ... on level 3 of the Dungeon.
             The game lasted 00:03:30 (489 turns).

tidbits the Charmwright (Gnoll Skald)                Turns: 489, Time: 00:03:30

Health: -14/46     AC:  3    Str: 18    XL:     3   Next: 6%
Magic:  9/9        EV: 14    Int: 16    God:
Gold:   65         SH:  0    Dex: 14    Spells: 0/11 levels left

rFire    . . .     SeeInvis .   a - +0 war axe
rCold    . . .     Gourm    .   (no shield)
rNeg     . . .     Faith    .   b - +0 leather armour
rPois    .         Spirit   .   (no helmet)
rElec    .         Reflect  .   (no cloak)
rCorr    .         Harm     .   (no gloves)
MR       +....                  (no boots)
Stlth    ..........             (no amulet)
HPRegen  0.15/turn              H - ring of protection from magic
MPRegen  0.11/turn              (no ring)

@: berserking (expiring), very quick
A: distributed training, fangs 1, strong nose
a: no special abilities


You were on level 3 of the Dungeon.
You were not hungry.

You visited 1 branch of the dungeon, and saw 3 of its levels.

You collected 65 gold pieces.

Inventory:

Hand Weapons
 a - a +0 war axe (weapon)
 e - a +0 short sword
 f - a +2 vampiric spear
   (You found it on level 1 of the Dungeon)
 k - a +0 dagger
 n - a +0 hunting sling
 o - a +0 hand axe
Armour
 b - a +0 leather armour (worn)
Jewellery
 H - a ring of protection from magic (left hand)
   (You found it on level 3 of the Dungeon)
Scrolls
 h - a scroll of enchant weapon {unknown}
 i - a scroll of remove curse {unknown}
 j - 3 scrolls of blinking {unknown}
 m - 2 scrolls of teleportation {unknown}
 p - a scroll of noise {unknown}
Potions
 l - a potion of invisibility {unknown}
Books
 c - a book of Battle

   Spells                             Type                      Level
   a - Infusion                       Charms                       1
   b - Shroud of Golubria             Charms/Translocation         2
   c - Song of Slaying                Charms                       2
   d - Spectral Weapon                Hexes/Charms                 3
   e - Regeneration                   Charms/Necromancy            3
Comestibles
 d - 2 rations


   Skills:
 + Level 4.5 Fighting
 + Level 0.5 Short Blades
 + Level 0.5 Long Blades
 + Level 4.5 Axes
 + Level 0.5 Maces & Flails
 + Level 0.5 Polearms
 + Level 0.5 Staves
 + Level 0.5 Slings
 + Level 0.5 Bows
 + Level 0.5 Crossbows
 + Level 0.5 Throwing
 + Level 2.5 Armour
 + Level 4.5 Dodging
 + Level 0.5 Stealth
 + Level 0.5 Shields
 + Level 0.5 Unarmed Combat
 + Level 4.9 Spellcasting
 + Level 0.4 Conjurations
 + Level 0.4 Hexes
 + Level 5.4 Charms
 + Level 0.4 Summonings
 + Level 0.4 Necromancy
 + Level 0.4 Translocations
 + Level 0.4 Transmutations
 + Level 0.4 Fire Magic
 + Level 0.4 Ice Magic
 + Level 0.4 Air Magic
 + Level 0.4 Earth Magic
 + Level 0.4 Poison Magic
 + Level 0.7 Invocations
 + Level 0.5 Evocations


You couldn't memorise any spells.
You knew the following spells:

 Your Spells              Type           Power        Failure   Level  Hunger
g - Shroud of Golubria    Chrm/Tloc      ##........   9%          2    ##.....
i - Infusion              Chrm           ###.         1%          1    None
r - Regeneration          Chrm/Necr      ##........   16%         3    ###....
w - Spectral Weapon       Hex/Chrm       ##......     16%         3    ###....
y - Song of Slaying       Chrm           ###.....     3%          2    ##.....


Dungeon Overview and Level Annotations

Branches:
Dungeon (3/15)

Altars:
Xom

Annotations:
D:3 Monsterracer's ghost, novice HuIE


Innate Abilities, Weirdness & Mutations

Your experience applies equally to all skills.
You have very sharp teeth.
Your uncanny sense of smell can sniff out nearby items.


Message History

You begin infusing your attacks with magical energy.
You hit the hobgoblin.
You kill the hobgoblin!
The hobgoblin shouts!
The hobgoblin barely misses you.
You closely miss the hobgoblin. The hobgoblin misses you.
You hit the hobgoblin!
You kill the hobgoblin!
Things that are here:
a club; a hobgoblin corpse A hobgoblin comes into view.
It is wielding a club.
Your magical infusion is running out.
The hobgoblin shouts!
A rat comes into view.
A rat comes into view.
You hit the hobgoblin.
You kill the hobgoblin!
Things that are here:
a club; a hobgoblin corpse You are no longer magically infusing your attacks.
You hit the rat.
You kill the rat!
You hit the rat but do no damage. The rat bites you.
You hit the rat.
You kill the rat!
You have reached level 3!
Your experience leads to an increase in your attributes!
Increase (S)trength, (I)ntelligence, or (D)exterity?
You feel clever.
Memorise Regeneration, consuming 3 spell levels and leaving 3?
You start memorising the spell.
You continue memorising. x3
You finish memorising.
Spell assigned to 'r'.
Memorise Spectral Weapon, consuming 3 spell levels and leaving 0?
You start memorising the spell.
You continue memorising. x3
You finish memorising.
Spell assigned to 'w'.
You see here a rat corpse.
You open the door.
Found a war axe.
There is an open door here.
You see here a war axe.
o - a war axe Wield which item (- for none, * to show all)? (? for menu, Esc to quit)
o - a +0 war axe (weapon)
Adjust (i)tems, (s)pells, or (a)bilities?
Adjust which item? (? for menu, Esc to quit)
o - a +0 war axe (weapon)
Adjust to which letter? (? for menu, Esc to quit)
a - a +0 war axe (weapon);
o - a +0 hand axe
Found a dagger.
A frilled lizard comes into view.
Found a scroll labeled LIR GOGYERGH.
You see here a dagger.
Unknown command.
A quokka comes into view.
The quokka twitches its whiskers.
You see here a scroll labeled LIR GOGYERGH.
p - a scroll labeled LIR GOGYERGH
Casting: Infusion
Confirm with . or Enter, or press ? or * to list all spells.
You begin infusing your attacks with magical energy.
The quokka bites you but does no damage.
You slash the quokka!
You kill the quokka!
The frilled lizard hisses angrily.
The frilled lizard bites you but does no damage.
You hit the frilled lizard!
You kill the frilled lizard!
There is a shaft here.
Your magical infusion is running out.
You are no longer magically infusing your attacks.
You open the door.
Monsterracer's ghost (novice Human Ice Elementalist) comes into view.
Found an inky potion and a robe.
Unknown command.
Monsterracer's ghost turns its malevolent gaze towards you.
Monsterracer's ghost points at you and mumbles some strange words.
The shard of ice misses you.
There is an open door here.
Monsterracer's ghost casts a spell at you.
The shard of ice hits you!
Ouch! That really hurt!
* * * LOW HITPOINT WARNING * * *
It was a potion of berserk rage.
A red film seems to cover your vision as you go berserk!
You feel yourself moving faster!
You feel mighty!
You feel a strong urge to attack something.
Monsterracer's ghost hits you but does no damage.
You slash Monsterracer's ghost! You bite Monsterracer's ghost!
Monsterracer's ghost is heavily damaged.
Monsterracer's ghost hits you!
* * * LOW HITPOINT WARNING * * *
You closely miss Monsterracer's ghost.
Monsterracer's ghost is heavily damaged.
Monsterracer's ghost barely misses you.
You closely miss Monsterracer's ghost.
Monsterracer's ghost is heavily damaged.
Monsterracer's ghost points at you and mumbles some strange words.
The shard of ice hits you!
Ouch! That really hurt!
You die...

#. #. #. #. # #.# #. #.
#.# #. ##'# #.# #.
##..W## #.# ## ##....@##
#.#### #...[...###.##.##
#.........##.#...#######
+........!'.............
#.........##.#...#######
##.......###.##.##
##.....## #.#### ##...##
#.. ##+# ##.


You could see Monsterracer's ghost.

Vanquished Creatures
  An adder (D:2)
  A ball python (D:1)
  A bat (D:2)
  5 hobgoblins
  A quokka (D:3)
  A frilled lizard (D:3)
  3 kobolds
  3 rats
16 creatures vanquished.

Notes
Turn   | Place    | Note
-------+----------+-------------------------------------------
     0 | D:1      | tidbits the Gnoll Skald began the quest for the Orb.
     0 | D:1      | Reached XP level 1. HP: 20/20 MP: 6/6
   277 | D:2      | Reached XP level 2. HP: 19/26 MP: 2/7
   282 | D:2      | Learned a level 2 spell: Song of Slaying
   285 | D:2      | Learned a level 2 spell: Shroud of Golubria
   297 | D:2      | Found a shimmering altar of Xom.
   394 | D:3      | Reached XP level 3. HP: 29/31 MP: 5/9
   399 | D:3      | Learned a level 3 spell: Regeneration
   403 | D:3      | Learned a level 3 spell: Spectral Weapon
   481 | D:3      | Noticed Monsterracer's ghost (novice HuIE)
   489 | D:3      | Killed from afar by Monsterracer's ghost

Action                   || total
-------------------------++-------
Melee: Hand axe          ||    20
       Bite              ||     3
       War axe           ||     5
 Cast: Infusion          ||     6
  Use: Potion            ||     1
 Stab: Sleeping          ||     3
Armor: Leather armour    ||     4
Dodge: Dodged            ||    10

Table legend:
 A = Turns spent in this place as a percentage of turns spent in the entire game.
 B = Non-inter-level travel turns spent in this place as a percentage of non-inter-level travel turns spent in the entire game.
 C = Inter-level travel turns spent in this place as a percentage of turns spent in this place.
 D = Turns resting spent in this place as a percentage of non-inter-level travel turns spent in this place.
 E = Turns spent auto-exploring this place as a percentage of non-inter-level travel turns spent in this place.
 F = Non-inter-level travel turns spent in this place divided by the number of levels of this place that you've seen.
                   A       B       C       D       E      F
               +-------+-------+-------+-------+-------+----------------------
         Total | 100.0 | 100.0 |   0.0 |   0.0 |   0.0 | 163.0
       Dungeon | 100.0 | 100.0 |   0.0 |   0.0 |   0.0 | 163.0
               +-------+-------+-------+-------+-------+----------------------

Table legend:
 A = Kills in this place as a percentage of kills in entire the game.
 B = Kills by you in this place as a percentage of kills by you in the entire game.
 C = Kills by friends in this place as a percentage of kills by friends in the entire game.
 D = Other kills in this place as a percentage of other kills in the entire game.
 E = Experience gained in this place as a percentage of experience gained in the entire game.
 F = Experience gained in this place divided by the number of levels of this place that you have seen.
                   A       B       C       D       E      F
               +-------+-------+-------+-------+-------+----------------------
         Total | 100.0 | 100.0 |   N/A |   N/A | 100.0 |  12.3
       Dungeon | 100.0 | 100.0 |   N/A |   N/A | 100.0 |  12.3
               +-------+-------+-------+-------+-------+----------------------

Vault maps used:
D:1:      co_arrival_random_square_maze, minmay_hedge_maze, cheibriados_altar_1
D:2:      lemuel_round_altar
D:3:      kennysheep_generic_room_16, uniq_crazy_yiuf_cottage
